 Dungeon Crawl Stone Soup version 0.30-a0-989-g0d87f670db (webtiles) character file.

Game seed: 17595829778313621889

4239 112233 the Martial Artist (level 10, -2/80 HPs)
             Began as a Demonspawn Wanderer on Apr 4, 2023.
             Was an Elder of Jiyva.
             Succumbed to a killer bee's poison
             ... on level 8 of the Dungeon.
             The game lasted 00:12:15 (8826 turns).

112233 the Martial Artist (Demonspawn Wanderer)     Turns: 8826, Time: 00:12:16

Health: -2/80      AC:  7    Str: 10    XL:     10   Next: 9%
Magic:  9/11       EV: 13    Int: 19    God:    Jiyva [****..]
Gold:   928        SH:  0    Dex: 18    Spells: 11/11 levels left

rFire   . . .      SeeInvis +      - Unarmed
rCold   + . .      Faith    .    (no shield)
rNeg    . . .      Spirit   .    b - +0 ring mail
rPois   .          Reflect  .    (no helmet)
rElec   .          Rampage  .    (no cloak)
rCorr   +                        (no gloves)
Will    .....                    (no boots)
Stlth   +                        (no amulet)
HPRegen 1.61/turn                i - ring of see invisible
MPRegen 0.52/turn                w - ring of protection from cold

@: lethally poisoned (-2 -> -6), calling ooze
A: claws 1, hooves 1, ignite blood 2, powered by pain 2, weakness stinger 2,
iridescent scales 1, see invisible, agile 1, clever 1, mutation resistance 1
a: Renounce Religion, Oozemancy, Slimify


You were on level 8 of the Dungeon.
You worshipped Jiyva.
Jiyva was greatly pleased with you.
You visited 1 branch of the dungeon, and saw 9 of its levels.
You also visited: Sewer.

You collected 928 gold pieces.

Inventory:

Hand Weapons
 a - a +2 short sword
 c - a +3 spear
 h - a +4 whip of venom
 o - a +1 quarterstaff of speed
Armour
 b - a +0 ring mail (worn)
 l - a +0 tower shield
 q - a +0 pair of gloves
 y - a +1 robe of willpower
 z - a +0 pair of boots
Magical Staves
 m - a staff of cold
Jewellery
 i - a ring of see invisible (left claw)
 w - a ring of protection from cold (right claw)
Wands
 u - a wand of digging (4)
 A - a wand of flame (13) (quivered)
Scrolls
 d - a scroll of magic mapping
 f - a scroll of identify
 n - a scroll of teleportation
 p - 3 scrolls of fog {unknown}
 r - a scroll of amnesia {unknown}
 s - 2 scrolls of poison {unknown}
Potions
 v - a potion of mutation
 B - a potion of might


   Skills:
 + Level 7.7 Fighting
 - Level 2.6 Short Blades
 - Level 1.0 Throwing
 - Level 1.0 Armour
 + Level 7.0 Dodging
 - Level 1.0 Stealth
 * Level 9.1 Unarmed Combat
 - Level 1.0 Spellcasting
 - Level 1.0 Poison Magic


You had 11 spell levels left.
You didn't know any spells.
Your spell library contained the following spells:

 Spells                   Type           Power      Damage    Failure   Level
 Poisonous Vapours        Pois/Air       4%         N/A       50%         2
 Cigotuvi's Dreadful Rot  Necr/Pois/Air  4%         N/A       52%         2
 Ensorcelled Hibernation  Hex/Ice        0%         N/A       56%         2
 Passwall                 Tmut/Erth      0%         N/A       56%         2
 Dazzling Flash           Conj/Hex       0%         N/A       80%         3
 Ozocubu's Armour         Ice            0%         N/A       80%         3
 Stone Arrow              Conj/Erth      0%         3d7       80%         3
 Swiftness                Air            0%         N/A       80%         3
 Animate Armour           Summ/Erth      0%         N/A       99%         4
 Iskenderun's Mystic Bla  Conj/Tloc      0%         2d3       99%         4
 Starburst                Conj/Fire      0%         6d3       100%        6
 Ozocubu's Refrigeration  Ice            0%         4d7       100%        7
 Lehudib's Crystal Spear  Conj/Erth      0%         10d2      100%        8


Dungeon Overview and Level Annotations

Branches:
Dungeon (9/15)             Temple (0/1) D:6           Sewer (visited)
   Lair: D:8-11         Orc: D:9-12

Altars:
Hepliaklqana
Makhleb
Okawaru
Sif Muna
Trog
Yredelemnul

Shops:
D:6 *

Annotations:
D:8 exclusion: downstairs


Innate Abilities, Weirdness & Mutations

You have sharp fingernails.
You have large cloven feet.
Your demonic aura often causes spilled blood to erupt in flames.
You sometimes gain power by taking damage.
You have a tail ending in a sharp stinger.
You are partially covered in iridescent scales. (AC +2)
You have supernaturally acute eyesight. (SInv)
You are agile. (Dex +4, Str/Int -1)
Your mind is acute. (Int +4, Str/Dex -1)
You are somewhat resistant to further mutation.


Message History

You kill the killer bee!
You feel very sick. The killer bee stings you.
* * * LOW HITPOINT WARNING * * *
You are more poisoned.
The killer bee poisons you!
You feel very sick.
Unknown command.
Okay, then.
As you read the scroll of teleportation, it crumbles to dust.
You feel strangely unstable.
You feel very sick.
Unknown command.
You feel very sick.
There is a stone staircase leading down here.
You feel sick. The killer bee stings you.
* * * LOW HITPOINT WARNING * * *
Unknown command.
You barely miss the killer bee.
You feel sick. The killer bee stings you.
* * * LOW HITPOINT WARNING * * *
You are lethally poisoned!
The killer bee poisons you!
Unknown command.
Really quaff the potion of mutation?
Okay, then.
Unknown command.
Unknown command.
Activating: Oozemancy (6% risk of failure)
Press: ? - help, Dir - look around, f - activate Slime begins to ooze from the nearby walls!
* * * LOW HITPOINT WARNING * * *
You feel very sick.
The walls burn the killer bee!
The killer bee misses you.
The walls burn the killer bee!
The killer bee barely misses you.
Unknown command.
Unknown command.
Unknown command.
Unknown command.
Your surroundings suddenly seem different.
You die...

#.###...<....###....#
##.#
#...##...#####.##
##.# #........'.....#
##.# #.#...........##
##.###.#......8....#
##........##..8._..#
##..##.#..##..8....#
.....#....##..8888J#
.#.###....##..J^@..#
..y..†....##J......#
##'###....#######..##
###
.....#....#######...#
#<#
.....###............#
#.# .....#
#............# #.#
.....# ##...........#
#.#
.....####...........#
#.#
.....'..'...........#
#.#


You could see 3 neutral jellies (fellow slime).

Vanquished Creatures
  A deep elf pyromancer (D:6)
  Joseph (D:8)
  Eustachio (D:4)
  A water moccasin (D:8)
  2 black bears
  An ice beast (D:6)
  5 orc warriors (D:8)
  A sky beast (D:6)
  4 ogres
  3 centaurs
  2 phantoms
  3 kobold brigands
  4 bullfrogs
  Blork the orc (D:4)
  3 scorpions
  A gnoll sergeant (D:8)
  8 killer bees (D:8)
  4 howler monkeys
  2 hounds (D:6)
  An orc priest (D:8)
  A jelly (Sewer)
  Terence (D:2)
  4 iguanas
  2 sleepcaps
  An orc wizard (D:6)
  Robin (D:4)
  7 gnolls
  4 river rats (Sewer)
  7 adders
  2 dart slugs
  3 worms (D:2)
  29 orcs
  9 ball pythons
  8 endoplasms
  9 giant cockroaches
  4 hobgoblins
  10 jackals
  3 quokkas
  5 bats
  3 frilled lizards (Sewer)
  20 goblins
  11 kobolds
  2 rats (Sewer)
195 creatures vanquished.

Vanquished Creatures (collateral kills)
  A gnoll (D:3)
1 creature vanquished.

Vanquished Creatures (others)
  2 water moccasins
  A black bear (D:7)
  A centaur (D:8)
  A bullfrog (D:7)
  3 killer bees (D:8)
  17 jellies
  A sleepcap (D:7)
  2 orc wizards
  2 adders (D:4)
  9 orcs
  A ball python (D:4)
  5 kobolds (D:7)
  7 plants
52 creatures vanquished.

Grand Total: 248 creatures vanquished

Notes
Turn   | Place    | Note
-------+----------+-------------------------------------------
     0 | D:1      | 112233 the Demonspawn Wanderer began the quest for the Orb.
     0 | D:1      | 112233 set off with the following items: a +2 short sword,
                  | a +0 ring mail, a scroll of summoning; and the following
                  | spells available to memorise: Poisonous Vapours, Cigotuvi's
                  | Dreadful Rot.
     0 | D:1      | Reached XP level 1. HP: 15/15 MP: 2/2
   227 | D:1      | Discovered your monstrous ancestry.
   227 | D:1      | Gained mutation: You have sharp fingernails. [demonic
                  | ancestry]
   227 | D:1      | Reached XP level 2. HP: 16/21 MP: 3/3
  1162 | D:3      | Gained mutation: Your demonic aura sometimes causes spilled
                  | blood to erupt in flames. [demonic ancestry]
  1162 | D:3      | Reached XP level 3. HP: 27/27 MP: 4/4
  1248 | D:3      | Reached skill level 1 in Unarmed Combat
  1634 | D:3      | Gained mutation: You sometimes gain a little power by
                  | taking damage. [demonic ancestry]
  1634 | D:3      | Reached XP level 4. HP: 29/34 MP: 5/5
  1990 | D:2      | Noticed Terence
  2000 | D:2      | Killed Terence
  2257 | D:2      | Gained mutation: Your demonic aura often causes spilled
                  | blood to erupt in flames. [demonic ancestry]
  2257 | D:2      | Reached XP level 5. HP: 41/41 MP: 6/6
  2289 | D:2      | Found a bloodstained altar of Trog.
  2335 | D:2      | Reached skill level 2 in Unarmed Combat
  2824 | D:4      | Noticed a phantom
  2828 | D:4      | Noticed Blork the orc
  3162 | D:3      | Killed a phantom
  3232 | D:4      | Found a glowing drain.
  3256 | Sewer    | Entered a sewer
  3513 | Sewer    | Gained mutation: You sometimes gain power by taking damage.
                  | [demonic ancestry]
  3513 | Sewer    | Reached XP level 6. HP: 39/47 MP: 7/7
  3572 | Sewer    | Found a viscous altar of Jiyva.
  3792 | Sewer    | Became a worshipper of Jiyva Jemowoer the Shapeless
  3887 | D:4      | Killed Blork the orc
  3888 | D:4      | Reached skill level 3 in Unarmed Combat
  4028 | D:4      | Noticed Eustachio
  4074 | D:5      | Entered Level 5 of the Dungeon
  4425 | D:4      | Found a bloodstained altar of Trog.
  4472 | D:4      | Killed Eustachio
  4473 | D:4      | Reached skill level 4 in Unarmed Combat
  4473 | D:4      | Reached XP level 7. HP: 38/55 MP: 8/8
  4659 | D:4      | Noticed Robin
  4673 | D:4      | Killed Robin
  5084 | D:4      | Reached * piety under Jiyva
  5407 | D:5      | Noticed a hornet
  5436 | D:5      | Found an iron altar of Okawaru.
  5436 | D:5      | Found a basalt altar of Yredelemnul.
  5614 | D:6      | Reached skill level 5 in Fighting
  5654 | D:6      | Reached ** piety under Jiyva
  5676 | D:6      | Reached skill level 5 in Unarmed Combat
  5676 | D:6      | Gained mutation: You have a small tail. [demonic ancestry]
  5676 | D:6      | Reached XP level 8. HP: 37/62 MP: 9/9
  5870 | D:6      | Reached skill level 5 in Dodging
  5909 | D:6      | Found a staircase to the Ecumenical Temple.
  5953 | D:6      | Reached skill level 6 in Unarmed Combat
  6264 | D:6      | Found Zeram's General Store.
  6694 | D:6      | Noticed a deep elf pyromancer
  6703 | D:6      | Killed a deep elf pyromancer
  6704 | D:6      | Reached skill level 7 in Unarmed Combat
  6704 | D:6      | Gained mutation: You have large cloven feet. [demonic
                  | ancestry]
  6704 | D:6      | Reached XP level 9. HP: 71/71 MP: 10/10
  6827 | D:7      | Reached *** piety under Jiyva
  6921 | D:7      | Found a faded altar of an unknown god.
  6921 | D:7      | Found a faded altar of an unknown god.
  6923 | D:7      | Found a hazy altar of Hepliaklqana.
  6925 | D:7      | Gained mutation: You have a small jelly attached to you
                  | that may absorb projectiles. [Jiyva's grace]
  6925 | D:7      | Gained mutation: You are agile. (Dex +4, Str/Int -1)
                  | [Jiyva's grace]
  6925 | D:7      | Gained mutation: You are very agile. (Dex +8, Str/Int -2)
                  | [Jiyva's grace]
  6925 | D:7      | Gained mutation: Your mind is acute. (Int +4, Str/Dex -1)
                  | [Jiyva's grace]
  6969 | D:7      | Found a shimmering blue altar of Sif Muna.
  7510 | D:8      | Found a burning altar of Makhleb.
  7558 | D:8      | Reached **** piety under Jiyva
  7644 | D:8      | Reached skill level 8 in Unarmed Combat
  7969 | D:8      | Lost mutation: You are very agile. (Dex +8, Str/Int -2)
                  | [potion of mutation]
  7969 | D:8      | Lost mutation: You have a small jelly attached to you that
                  | may absorb projectiles. [potion of mutation]
  7969 | D:8      | Lost mutation: Your mind is acute. (Int +4, Str/Dex -1)
                  | [potion of mutation]
  7969 | D:8      | Gained mutation: You are partially covered in iridescent
                  | scales. (AC +2) [potion of mutation]
  7969 | D:8      | Gained mutation: You are somewhat resistant to further
                  | mutation. [potion of mutation]
  7969 | D:8      | Gained mutation: Your mind is acute. (Int +4, Str/Dex -1)
                  | [potion of mutation]
  7969 | D:8      | Gained mutation: You have supernaturally acute eyesight.
                  | (SInv) [potion of mutation]
  8040 | D:8      | Identified the +1 chain mail of Yredelemnul's Anger {rElec}
  8289 | D:8      | Noticed Joseph
  8299 | D:8      | Identified a scroll of acquirement
  8299 | D:8      | Acquired 581 gold pieces
  8351 | D:8      | Killed Joseph
  8352 | D:8      | Gained mutation: You have a tail ending in a sharp stinger.
                  | [demonic ancestry]
  8352 | D:8      | Reached XP level 10. HP: 59/79 MP: 11/11
  8382 | D:8      | Reached skill level 9 in Unarmed Combat
  8592 | D:9      | Noticed a two-headed ogre
  8824 | D:8      | HP: 3/80 [killer bee (4)]
  8825 | D:8      | HP: 1/80 [poisoned by a killer bee]
  8826 | D:8      | Succumbed to a killer bee's poison

Illustrated notes

Levels and vault maps discovered:
D:1:      dpeg_arrival_shelter, layout_basic
D:2:      layout_rooms, basic_altar, uniq_terence
D:3:      layout_loops_corners, minmay_stone_trees_small, chequers_jeans
D:4:      kennysheep_goblin_castle, layout_loops_ring,
          mainiacjoe_overflow_alcove_1, portal_sewer_entry_f, kennysheep_path_1,
          uniq_blork_the_orc, uniq_eustachio
D:5:      layout_cave_pods, kennysheep_mini,
          chequers_temple_overflow_statue_of_worship, saegor_snake_ambush,
          uniq_edmund
D:6:      minmay_evil_eye, layout_loops_corners, minmay_temple_entry_large_hall,
          serial_shops, nicolae_diamond_shop, corexii_corridor_pit,
          minmay_holes, guppyfry_early_elven_hall
D:7:      layout_loops_cross, mainiacjoe_overflow_concentric_impassable,
          nicolae_hepliaklqana_ecumenical_no_more
D:8:      layout_basic, mainiacjoe_overflow_chevrons, special_room
          [special_room_orc], uniq_joseph
D:9:      layout_big_octagon, mainiacjoe_overflow_alcove_4, minmay_three_doors

Skill      XL: |  1  2  3  4  5  6  7  8  9 10 |
---------------+-------------------------------+-----
Fighting       | 2 3 4 5 6 7 |  7.7
Dodging        | 2 3 4 5 6 7 |  7.0
Unarmed Combat | 1 2 4 5 7 8 9 |  9.1
Short Blades   | |  2.6
Throwing       | |  1.0
Armour         | |  1.0
Stealth        | |  1.0
Spellcasting   | |  1.0
Poison Magic   | |  1.0

Action                     |  1- 3 |  4- 6 |  7- 9 | 10-12 || total
---------------------------+-------+-------+-------+-------++-------
  Melee: Short sword       |   109 |   159 |       |       ||   268
         Punch             |     1 |     5 |    15 |     1 ||    22
         Unarmed           |       |   137 |   372 |    19 ||   528
         Tailslap          |       |       |    41 |     1 ||    42
         Kick              |       |       |    62 |     4 ||    66
 Invoke: Oozemancy         |       |       |       |     1 ||     1
  Evoke: Wand              |       |     6 |     7 |       ||    13
    Use: Scroll            |     2 |     3 |     4 |     1 ||    10
         Potion            |       |     8 |     9 |       ||    17
   Stab: Sleeping          |       |     1 |       |       ||     1
         Invisible         |       |     4 |       |       ||     4
 Armour: Ring mail         |    45 |   101 |   101 |     8 ||   255
  Dodge: Dodged            |    72 |   196 |   255 |    31 ||   554

Table legend: (Time is in decaauts)
 A = Elapsed time spent in this place.
 B = Non-inter-level travel time spent in this place.
 C = Inter-level travel time spent in this place.
 D = Time resting spent in this place.
 E = Time spent auto-exploring this place.
 F = Levels seen in this place.
 G = Mean time per level.
                   A        B        C        D        E       F      G
               +--------+--------+--------+--------+--------+-----+--------+
         Total |   8780 |   8275 |    505 |   1201 |   5475 |  10 |  878.0 |
       Dungeon |   8148 |   7643 |    505 |    922 |   5306 |   9 |  905.3 |
         Sewer |    631 |    631 |      0 |    279 |    169 |   1 |  631.0 |
               +--------+--------+--------+--------+--------+-----+--------+

Top non-repeatable levels by time:
     D:4: 1591 daAuts
     D:3: 1306 daAuts
     D:6: 1206 daAuts
     D:8: 1202 daAuts
     D:1: 946 daAuts
     D:7: 794 daAuts
     D:2: 772 daAuts
   Sewer: 631 daAuts
     D:5: 318 daAuts
     D:9: 10 daAuts
